 Dungeon Crawl Stone Soup version 0.24.0-1-gfbc8707 (webtiles) character file.

Game seed: 13637927891322213628, levelgen mode: deterministic

49529 Fang the Warrior (level 14, -10/98 HPs)
             Began as a Gargoyle Berserker on Oct 29, 2019.
             Was the Champion of Trog.
             Hit by a large rock thrown by a cyclops (22 damage)
             ... on level 13 of the Dungeon on Oct 30, 2019.
             The game lasted 00:28:20 (19773 turns).

Fang the Warrior (Gargoyle Berserker)              Turns: 19773, Time: 00:28:21

Health: -10/98     AC: 34    Str: 27    XL:     14   Next: 51%
Magic:  0/14       EV: 11    Int:  7    God:    Trog [******]
Gold:   1412       SH:  0    Dex:  9    Spells: 13/13 levels left

rFire    + . .     SeeInvis +   d - +4 executioner's axe (flame)
rCold    + + .     Gourm    .   (shield currently unavailable)
rNeg     + + +     Faith    .   b - +1 plate armour
rPois    ∞         Spirit   +   j - +2 hat
rElec    +         Reflect  .   o - +0 cloak {MR+}
rCorr    +         Harm     .   O - +1 pair of gloves
MR       +++..                  I - +0 pair of boots of Inference {rElec rF+ MR+ Str+2} (curse)
Stlth    ..........             K - amulet of Duol {Spirit rC++ rN+++ Int-4 SInv}
HPRegen  0.26/turn              i - +2 ring of intelligence
MPRegen  0.14/turn              L - ring of resist corrosion

@: marked, berserk cooldown, flying, starving, slowed, very slow
A: big wings, negative energy resistance 1, electricity resistance, unbreathing,
petrification resistance, rot immunity, AC +10
a: Stop Flying, Berserk, Trog's Hand, Brothers in Arms, Renounce Religion


You were on level 13 of the Dungeon.
You worshipped Trog.
Trog was exalted by your worship.
You were starving.

You visited 4 branches of the dungeon, and saw 21 of its levels.
You also visited: Ossuary.

You collected 1412 gold pieces.

Inventory:

Hand Weapons
 a - a +1 war axe of electrocution
 d - a +4 executioner's axe of flaming (weapon)
 m - a +2 antimagic battleaxe
Armour
 b - a +1 plate armour (worn)
 j - a +2 hat (worn)
 o - a +0 cloak of magic resistance (worn)
 D - a scarf of repulsion
 I - the cursed +0 pair of boots of Inference (worn) {rElec rF+ MR+ Str+2}
   (You found it on level 1 of the Lair of Beasts)

   It affects your strength (+2).
   It protects you from fire.
   It insulates you from electricity.
   It affects your resistance to hostile enchantments.
   It has a curse placed upon it.
 O - a +1 pair of gloves (worn)
Jewellery
 i - a +2 ring of intelligence (left hand)
 x - an uncursed ring of stealth
 y - an uncursed ring of positive energy
 z - an uncursed ring of see invisible
 H - an uncursed amulet of the gourmand
 K - the amulet of Duol (around neck) {Spirit rC++ rN+++ Int-4 SInv}
   (You found it on level 3 of the Lair of Beasts)

   [amulet of guardian spirit]

   It causes incoming damage to be split between your health and magic.
   It affects your intelligence (-4).
   It greatly protects you from cold.
   It renders you almost immune to negative energy.
   It lets you see invisible.
 L - a ring of resist corrosion (right hand)
Wands
 e - a wand of scattershot (3)
 n - a wand of enslavement (4)
 q - a wand of paralysis (5)
 w - a wand of flame (63)
 F - a wand of iceblast (16)
Scrolls
 f - 6 scrolls of remove curse
 h - a scroll of summoning
 l - 10 scrolls of teleportation
 s - 6 scrolls of magic mapping
 u - 3 scrolls of blinking
Potions
 g - 4 potions of resistance
 k - 8 potions of curing
 p - 4 potions of ambrosia
 r - 6 potions of heal wounds
 v - 3 potions of cancellation
 A - a potion of agility {unknown}
 B - a potion of magic
 C - a potion of berserk rage
 E - a potion of might
 G - 2 potions of mutation
 J - a potion of invisibility
Comestibles
 c - 27 rations


   Skills:
 * Level 15.3 Fighting
 * Level 13.1 Axes
 + Level 11.6 Armour
 + Level 9.2 Dodging


You had 13 spell levels left.
You didn't know any spells.
Your spell library was empty.

Dungeon Overview and Level Annotations

Branches:
Dungeon (13/15)            Temple (1/1) D:5            Lair (6/6) D:8
  Swamp (0/4) Lair:4       Spider (0/4) Lair:2        Slime (0/5) Lair:6
    Orc (1/2) D:12        Ossuary (visited)
 Vaults: D:13-14

Altars:
Cheibriados
Fedhas
Gozag
Hepliaklqana
Kikubaaqudgha
Makhleb
Sif Muna
Trog
Uskayaw
Vehumet
Wu Jian
Xom
Zin
Jiyva

Shops:
D:9 }   D:12 [

Annotations:
D:13 Sonja


Innate Abilities, Weirdness & Mutations

You are resistant to torment.
Your stone body is resilient. (AC +10)
You are immune to poison.
Your large and strong wings let you fly indefinitely.
You resist negative energy. (rN+)
You are resistant to electric shocks. (rElec)
You can survive without breathing.
You are immune to petrification.
You are immune to rotting.


Message History

A centaur warrior comes into view.
A cyclops comes into view.
The shadow hits you.
You barely miss the shadow. The shadow misses you.
The cyclops throws a large rock.
The large rock barely misses you.
Sonja throws a curare-tipped dart.
The curare-tipped dart hits you.
The orc priest casts a cantrip, but nothing happens.
The shadow hits you.
You barely miss the shadow.
The centaur warrior wields a +0 shortbow.
The centaur warrior shoots an arrow.
The arrow hits you!
* * * LOW HITPOINT WARNING * * *
A big kobold comes into view. It is wielding a +0 club.
The cyclops throws a large rock.
The large rock hits you!!
* * * LOW HITPOINT WARNING * * *
The shadow hits you.
An orc wizard comes into view. It is wielding a +0 dagger.
A hound comes into view.
A kobold comes into view.
The centaur warrior shoots an arrow.
The arrow hits you but does no damage.
The cyclops throws a large rock.
The large rock hits you!!
You die...

........C#......#
.........#.....K# #.
.........#......# #...
.........+......# #...
.......#......## #...
.....#........ ###...######
##'###KKo..... ...........#
#@o.K(........
...........###W..c)†.......
.............h..$..........
.......<.#####...........##
########## ###...#######
#...# #...# #...# #####


You could see a centaur warrior, a cyclops, Sonja, a big kobold, a shadow, a
hound, an orc priest, an orc wizard and a kobold.

Vanquished Creatures
  Gastronok (D:11)
  3 dire elephants (Lair:6)
  Snorg (D:12)
  Harold (D:9)
  4 hydras
  An anaconda (Lair:6)
  4 two-headed ogres
  The ghost of Cinza the Cleaver, a novice MiFi of Okawaru (Lair:1)
  A queen ant (Lair:3)
  An unseen horror (D:10)
  2 ugly things
  15 elephants
  Maurice (D:8)
  3 black mambas
  4 spiny frogs
  A torpor snail (Lair:6)
  2 gargoyles
  3 rime drakes
  7 komodo dragons
  A troll (D:10)
  3 meliai (D:13)
  Grinder (D:5)
  2 tyrant leeches (Lair:4)
  6 dream sheep (Lair:5)
  3 blink frogs (Lair:3)
  6 hippogriffs
  3 redbacks (Lair:2)
  A vampire (D:11)
  A spriggan (D:8)
  24 yaks
  3 wyverns
  Eustachio (D:5)
  2 basilisks
  A steam dragon (D:10)
  A human (D:12)
  2 hungry ghosts
  A warg (D:12)
  An acid dragon (D:11)
  15 soldier ants (Lair:3)
  11 water moccasins
  6 porcupines
  5 orc warriors
  A sky beast (D:5)
  2 black bears
  A hornet zombie (D:11)
  4 ice beasts
  6 ogres
  16 wolves
  2 phantoms
  5 centaurs
  3 big kobolds
  9 crocodiles
  11 bullfrogs
  A gnoll sergeant (D:7)
  2 scorpions
  A water moccasin skeleton (D:7)
  10 killer bees
  4 wights (D:8)
  9 howler monkeys
  An electric eel (Lair:3)
  8 crimson imps
  2 centaur zombies
  5 hounds
  10 jellies
  6 bullfrog zombies
  11 orc priests
  12 orc wizards
  40 worker ants
  4 iguanas
  2 hound skeletons
  A hound zombie (D:10)
  8 mummies (Ossuary)
  2 worker ant zombies
  A howler monkey zombie (D:5)
  15 gnolls
  2 howler monkey skeletons
  8 adders
  2 shadow imps
  5 oozes
  An adder skeleton (D:4)
  A worm (D:4)
  2 dart slugs
  7 leopard geckos
  49 orcs
  11 giant cockroaches
  A gnoll zombie (Ossuary)
  3 hobgoblins
  23 jackals
  5 quokkas
  2 ball pythons
  7 bats
  4 frilled lizards
  10 goblins
  4 hobgoblin zombies (Ossuary)
  A jackal zombie (D:6)
  27 kobolds
  2 kobold zombies (Ossuary)
  2 leopard gecko zombies
  An orc zombie (Ossuary)
  2 quokka skeletons (D:4)
  9 rats
  4 fungi
  3 plants (Lair:6)
569 creatures vanquished.

Vanquished Creatures (collateral kills)
  2 hydras (Lair:6)
  A rime drake (Lair:6)
3 creatures vanquished.

Vanquished Creatures (others)
  A shadow imp (D:10)
  A fungus (Lair:6)
  A plant (Lair:6)
3 creatures vanquished.

Grand Total: 575 creatures vanquished

Notes
Turn   | Place    | Note
-------+----------+-------------------------------------------
     0 | D:1      | Fang the Gargoyle Berserker began the quest for the Orb.
     0 | D:1      | Reached XP level 1. HP: 14/14 MP: 1/1
   104 | D:1      | Reached XP level 2. HP: 18/19 MP: 2/2
   339 | D:1      | Reached XP level 3. HP: 23/23 MP: 3/3
   744 | D:1      | Reached ** piety under Trog
  1153 | D:2      | Reached XP level 4. HP: 19/29 MP: 4/4
  1470 | D:2      | Found a faded altar of an unknown god.
  2032 | D:3      | Reached skill level 4 in Fighting
  2182 | D:3      | Reached XP level 5. HP: 33/33 MP: 5/5
  2328 | D:3      | Reached XP level 6. HP: 17/39 MP: 6/6
  2556 | D:3      | Found a hide-covered altar of Uskayaw.
  2557 | D:3      | Found a bloodstained altar of Trog.
  2570 | D:3      | Reached *** piety under Trog
  2576 | D:3      | Found a glowing silver altar of Zin.
  2577 | D:3      | Found a snail-covered altar of Cheibriados.
  2581 | D:3      | Found an ornate altar of the Wu Jian Council.
  2581 | D:3      | Found a blossoming altar of Fedhas.
  2681 | D:3      | Found a radiant altar of Vehumet.
  3085 | D:4      | Found a shimmering blue altar of Sif Muna.
  3191 | D:4      | Reached skill level 5 in Fighting
  3230 | D:4      | Reached XP level 7. HP: 34/44 MP: 7/7
  3828 | D:5      | Entered Level 5 of the Dungeon
  3829 | D:5      | Found a staircase to the Ecumenical Temple.
  3829 | D:5      | Noticed Grinder
  3829 | D:5      | Paralysed by Grinder for 2 turns
  3890 | D:5      | Killed Grinder
  3890 | D:5      | Reached skill level 5 in Armour
  3921 | Temple   | Entered the Ecumenical Temple
  4035 | D:5      | Reached XP level 8. HP: 51/51 MP: 8/8
  4107 | D:5      | Reached skill level 5 in Axes
  4136 | D:5      | Reached skill level 6 in Fighting
  4161 | D:5      | Reached **** piety under Trog
  4446 | D:5      | Noticed Eustachio
  4453 | D:5      | Killed Eustachio
  4644 | D:6      | Reached skill level 7 in Fighting
  4724 | D:6      | Reached XP level 9. HP: 34/57 MP: 9/9
  5374 | D:6      | Reached skill level 8 in Fighting
  5533 | D:7      | Reached skill level 5 in Dodging
  5542 | D:7      | Found a sand-covered staircase.
  5547 | Ossuary  | Entered an ossuary
  5673 | Ossuary  | Reached ***** piety under Trog
  6117 | D:7      | Noticed a gargoyle
  6130 | D:7      | Killed a gargoyle
  6594 | D:7      | Reached skill level 9 in Fighting
  6594 | D:7      | Reached XP level 10. HP: 46/66 MP: 10/10
  7043 | D:8      | Received a gift from Trog
  7082 | D:8      | Noticed a two-headed ogre
  7095 | D:8      | Killed a two-headed ogre
  7254 | D:8      | Identified Enuqix's Almanac of Warped Venom
  7703 | D:8      | Reached skill level 10 in Fighting
  7750 | D:8      | Found a hazy altar of Hepliaklqana.
  7909 | D:8      | Found a staircase to the Lair.
  7933 | D:8      | Noticed Maurice
  7943 | D:8      | Killed Maurice
  8168 | D:9      | Noticed Harold
  8169 | D:9      | Noticed a two-headed ogre
  8183 | D:9      | Killed a two-headed ogre
  8183 | D:9      | Reached XP level 11. HP: 37/73 MP: 11/11
  8187 | D:9      | Killed Harold
  8662 | D:9      | Found Plog's Gadget Shop.
  9236 | D:9      | Found a shimmering altar of Xom.
  9547 | D:10     | Entered Level 10 of the Dungeon
  9578 | D:10     | Noticed an unseen horror
  9596 | D:10     | Killed an unseen horror
  9596 | D:10     | Reached skill level 11 in Fighting
 10509 | D:11     | Received a gift from Trog
 11078 | D:11     | Noticed Gastronok
 11092 | D:11     | Killed Gastronok
 11092 | D:11     | Reached skill level 12 in Fighting
 11092 | D:11     | Reached skill level 10 in Axes
 11092 | D:11     | Reached XP level 12. HP: 65/81 MP: 12/12
 11482 | Lair:1   | Entered Level 1 of the Lair of Beasts
 11550 | Lair:1   | Found a runed translucent gate.
 11551 | Lair:1   | Found a runed translucent gate.
 11551 | Lair:1   | Found a runed translucent gate.
 11553 | Lair:1   | Noticed Cinza's ghost (novice MiFi)
 11745 | Lair:1   | Noticed a seven-headed hydra
 11756 | Lair:1   | Killed a three-headed hydra
 12030 | Lair:1   | Found a gate leading to a gauntlet.
 12444 | Lair:1   | Got a pair of scorched boots
 12450 | Lair:1   | Identified the cursed +0 pair of boots of Inference {rElec
                  | rF+ MR+ Str+2} (You found it on level 1 of the Lair of
                  | Beasts)
 12515 | Lair:1   | Killed Cinza's ghost
 12952 | Lair:2   | Reached skill level 13 in Fighting
 12955 | Lair:2   | Found a hole to the Spider Nest.
 13537 | Lair:3   | Reached skill level 10 in Armour
 13546 | Lair:3   | Noticed a queen ant
 13554 | Lair:3   | Killed a queen ant
 13557 | Lair:3   | Reached ****** piety under Trog
 13560 | Lair:3   | Received a gift from Trog
 13603 | Lair:3   | Reached XP level 13. HP: 87/88 MP: 13/13
 14027 | Lair:3   | Got a coiled sapphire amulet
 14379 | Lair:4   | Identified the amulet of Duol {Spirit rC++ rN+++ Int-4
                  | SInv} (You found it on level 3 of the Lair of Beasts)
 14522 | Lair:4   | Found a staircase to the Swamp.
 15400 | Lair:5   | Reached skill level 14 in Fighting
 15673 | Lair:5   | Received a gift from Trog
 16210 | Lair:6   | Entered Level 6 of the Lair of Beasts
 17021 | Lair:6   | Found a runed translucent door.
 17024 | Lair:6   | Found a viscous altar of Jiyva.
 17024 | Lair:6   | Found a staircase to the Slime Pits.
 17473 | Lair:6   | Gained mutation: Your large and strong wings let you fly
                  | indefinitely. [Gargoyle growth]
 17473 | Lair:6   | Reached XP level 14. HP: 86/96 MP: 10/14
 17643 | Lair:6   | Noticed a dire elephant
 17643 | Lair:6   | Noticed a dire elephant
 17648 | Lair:6   | Killed a dire elephant
 17657 | Lair:6   | Killed a dire elephant
 17697 | Lair:6   | Noticed a dire elephant
 17712 | Lair:6   | Killed a dire elephant
 18490 | D:12     | Noticed Snorg
 18497 | D:12     | Reached skill level 15 in Fighting
 18505 | D:12     | Killed Snorg
 19030 | D:12     | Found a staircase to the Orcish Mines.
 19221 | D:12     | Found Munal's Antique Armour Shop.
 19703 | Orc:1    | Entered Level 1 of the Orcish Mines
 19761 | D:13     | Received a gift from Trog
 19765 | D:13     | Noticed Sonja
 19773 | D:13     | Hit by a large rock thrown by a cyclops

Levels and vault maps discovered:
D:1:      lemuel_arrival_muddy, layout_basic
D:2:      layout_basic, chequers_ecumenical_altar_simple_redux,
          minmay_tetromino_t2
D:3:      layout_basic, nicolae_overflow_hidden_temple,
          grunt_temple_overflow_open, kennysheep_generic_room_16
D:4:      corexii_shack_village, layout_basic, lemuel_blue_sif_altar,
          first_ration, minmay_misc_feat_hallway
D:5:      layout_loops_ring, minmay_temple_entry_statues_fountains,
          eino_small_chamber_without_monster, kennysheep_minor_cross,
          uniq_grinder, uniq_eustachio
D:6:      black_bear_nest_1, layout_loops_ring, minivault_23,
          serial_park_tiny_2, st_stairs_7, minmay_misc_feat_square
D:7:      layout_loops_cross, enter_ossuary_2
D:8:      layout_loops_ring, kennysheep_little_box, lair_entry_dummy,
          the_bakery, uniq_maurice
D:9:      layout_layer_cave, kennysheep_mini, serial_shops, shop, uniq_harold
D:10:     layout_loops_ring
D:11:     layout_irregular_city, portal_ice_cave_rime, hangedman_decor_opposing,
          uniq_gastronok
D:12:     layout_layer_cave, erik_orc_4, serial_shops, shop, uniq_snorg
D:13:     layout_irregular_city, basic_altar, minmay_hollow_rounded_squares,
          uniq_sonja, uniq_rupert
Temple:   minmay_temple_forest_path
Lair:1:   layout_cave_shapes, gauntlet_entry_generic, ebering_ghost_rock_garden
Lair:2:   layout_long_grid, spider_nest_entry_webs
Lair:3:   layout_gridlike, zaba_anthell, grunt_megastairs_1, lemuel_fruit_fields
Lair:4:   layout_misc_corridors, minmay_swamp_entry_worms
Lair:5:   layout_misc_corridors
Lair:6:   due_jungle_book, layout_small_grid, slime_altar_2,
          guppyfry_lair_drakes
Orc:1:    layout_caves, serial_shops, shop

Skill      XL: |  1  2  3  4  5  6  7  8  9 10 11 12 13 14 |
---------------+-------------------------------------------+-----
Axes           | 3 4 6 7 8 10 11 12 13 | 13.1
Dodging        | 2 3 4 5 6 7 8 9 |  9.2
Armour         | 3 4 5 6 7 8 9 10 11 | 11.6
Fighting       | 4 5 7 9 10 12 13 14 15 | 15.3

Action                   |  1- 3 |  4- 6 |  7- 9 | 10-12 | 13-15 || total
-------------------------+-------+-------+-------+-------+-------++-------
Melee: Hand axe          |   111 |   233 |   177 |       |       ||   521
       War axe           |       |       |   428 |   380 |       ||   808
       Battleaxe         |       |       |       |    22 |       ||    22
       Executioner's axe |       |       |       |   184 |   415 ||   599
Invok: Berserk           |       |     2 |     2 |     9 |     7 ||    20
       Trog's Hand       |       |       |     1 |       |       ||     1
       Brothers in Arms  |       |       |       |       |     1 ||     1
 Abil: Fly               |       |       |       |       |     1 ||     1
  Use: Scroll            |       |       |       |    23 |    11 ||    34
 Stab: Sleeping          |     3 |       |       |       |       ||     3
  Eat: Chunk             |     1 |     9 |    14 |    26 |    31 ||    81
       Ration            |       |       |       |     3 |     2 ||     5
Armor: Animal skin       |    38 |     5 |       |       |       ||    43
       Plate armour      |       |   217 |   403 |   727 |   546 ||  1893
Dodge: Dodged            |    93 |   110 |   236 |   471 |   392 ||  1302
       Deflected         |       |       |       |     3 |       ||     3
